 Dungeon Crawl Stone Soup version 0.23.2-40-g277498a001 (webtiles) character file.

Game seed: 2366004251917175440

7436 H0rd4k the Cleaver (level 11, 0/81 HPs)
             Began as a Human Artificer on Aug 19, 2019.
             Was an Initiate of Gozag.
             Slain by a bullfrog (7 damage)
             ... on level 1 of the Lair of Beasts on Aug 21, 2019.
             The game lasted 00:33:21 (12187 turns).

H0rd4k the Cleaver (Human Artificer)               Turns: 12187, Time: 00:33:22

Health: 0/81       AC: 11    Str: 19    XL:     11   Next: 37%
Magic:  14/14      EV: 15    Int: 13    God:    Gozag
Gold:   617        SH:  0    Dex: 13    Spells: 10/10 levels left

rFire    + . .     SeeInvis .   y - +4 hand axe (chop)
rCold    + . .     Gourm    .   (no shield)
rNeg     . . .     Faith    .   o - +2 robe {rC+ rF+}
rPois    .         Spirit   .   (no helmet)
rElec    .         Reflect  .   D - scarf {cloud immunity}
rCorr    .         Harm     .   (no gloves)
MR       .....                  u - +0 pair of boots (curse)
Stlth    +++.......             (no amulet)
HPRegen  0.23/turn              l - +6 ring of protection
MPRegen  0.14/turn              M - +4 ring of strength

@: heavily drained
A: no striking features
a: Potion Petition, Call Merchant, Bribe Branch, Renounce Religion


You were on level 1 of the Lair of Beasts.
You worshipped Gozag.
Gozag was pleased with you.
You were hungry.

You visited 3 branches of the dungeon, and saw 13 of its levels.

You collected 791 gold pieces.
You paid 174 gold pieces to Gozag.

Inventory:

Hand Weapons
 a - a +0 short sword
 e - a +0 shortbow of flaming
 y - a +4 hand axe of chopping (weapon)
Missiles
 B - 12 tomahawks (quivered)
 L - 62 arrows
Armour
 b - a +0 leather armour
 o - a +2 robe of resistance (worn)
 u - a cursed +0 pair of boots (worn)
 D - a scarf of cloud immunity (worn)
Jewellery
 k - an uncursed ring of ice
 l - a +6 ring of protection (left hand)
 s - an uncursed ring of positive energy
 G - a +4 ring of protection
 J - an uncursed amulet of harm
 M - a +4 ring of strength (right hand)
Wands
 d - a wand of enslavement (1)
 v - a wand of digging (13)
 E - a wand of paralysis (3)
Scrolls
 g - 2 scrolls of identify
 h - a scroll of immolation
 i - 2 scrolls of amnesia
 w - 2 scrolls of remove curse
 x - 2 scrolls of fog
 C - a scroll of vulnerability
 I - 2 scrolls of enchant armour
 K - a scroll of summoning
Potions
 c - a potion of cancellation
 p - 2 potions of haste
 q - 2 potions of flight
 r - 2 potions of mutation
 z - a potion of degeneration
 A - a potion of berserk rage
 F - 2 potions of agility
Comestibles
 f - 22 rations


   Skills:
 + Level 6.1(4.3) Fighting
 + Level 6.5(4.7) Short Blades
 + Level 8.9(7.0) Axes
 + Level 2.1(0.5) Armour
 + Level 8.1(6.3) Dodging
 + Level 7.0(5.2) Stealth
 + Level 5.0(3.3) Evocations


You had 10 spell levels left.
You didn't know any spells.
Your spell library contained the following spells:

 Spells                   Type           Power        Failure   Level  Hunger
 Summon Small Mammal      Summ           #...         30%         1    ##.....
 Call Imp                 Summ           #.......     43%         2    ###....
 Call Canine Familiar     Summ           #.......     67%         3    ####...
 Summon Guardian Golem    Hex/Summ       #.......     67%         3    ####...
 Summon Ice Beast         Ice/Summ       #.......     97%         4    #####..
 Summon Lightning Spire   Summ/Air       #.......     97%         4    #####..


Dungeon Overview and Level Annotations

Branches:
Dungeon (11/15)            Temple (1/1) D:5            Lair (1/6) D:9
    Orc: D:9-12

Altars:
Ashenzari
Cheibriados
Dithmenos
Elyvilon
Fedhas
Gozag
Hepliaklqana
Kikubaaqudgha
Makhleb
Nemelex Xobeh
Okawaru
Qazlal
Ru
Sif Muna
Trog
Uskayaw
Vehumet
Wu Jian
Xom
Yredelemnul
Zin
The Shining One

Shops:
D:6 *

Annotations:
D:2 exclusion: downstairs
D:3 exclusion: 2 downstairs
D:6 exclusion: upstairs
D:8 3 runed translucent doors, exclusion: downstairs, FishyPogo's ghost, novice MfVM
D:9 Gastronok
Lair:1 Grum


Message History

The bullfrog is too close now for your liking.
Evoke which item? (* to show all) (? for menu, Esc to quit)
Aiming: Enslavement
Press: ? - help, Shift-Dir - straight line, f - bullfrog
Aim: a bullfrog (hasn't noticed you, chance to defeat MR: 55%)
The bullfrog croaks.
The bullfrog resists with significant effort.
The bullfrog hits you but does no damage.
You slash the bullfrog!
The bullfrog is moderately wounded.
The bullfrog hits you.
* * * LOW HITPOINT WARNING * * *
You hit the bullfrog.
The bullfrog is heavily wounded.
The bullfrog hits you but does no damage. x2
You completely miss the bullfrog.
The bullfrog is heavily wounded.
The bullfrog hits you!
You die...
Your body crumbles into a pile of gold.

#.. #.. .. #.. ..
#.F .# #.. .##
##.. ..# #
#...####..#.#..
#...F@........
#..###..#.#.# ##
##. #..## ###
###P#### #.
##.####.###.......
#.
#.................
P.
#..########.######
.. #..# #..#
##..... #.##
#..... ## ##.#


You could see a bullfrog.

Vanquished Creatures
  Pikel (D:7)
  A troll (D:9)
  A hornet (D:7)
  Prince Ribbit (D:9)
  2 hippogriffs
  3 wyverns
  A steam dragon (D:9)
  5 sky beasts
  3 orc warriors
  A swamp drake (D:9)
  4 phantoms
  2 ice beasts (D:8)
  5 ogres
  4 centaurs
  2 crocodiles
  A big kobold (D:7)
  6 bullfrogs
  A wyvern skeleton (D:10)
  3 scorpions
  Dowan (D:7)
  13 killer bees
  7 howler monkeys
  3 crimson imps
  7 hounds
  3 jellies
  A bullfrog zombie (D:6)
  3 centaur skeletons
  4 orc priests
  A bullfrog skeleton (D:4)
  Ijyb (D:4)
  8 worker ants
  7 orc wizards
  A hound zombie (D:8)
  A worker ant zombie (D:9)
  A howler monkey skeleton (D:10)
  15 adders
  6 gnolls
  3 shadow imps
  4 oozes
  4 worms
  3 leopard geckos
  24 orcs
  3 ball pythons
  15 bats
  4 giant cockroaches
  7 hobgoblins
  13 jackals
  8 kobolds
  A quokka (D:8)
  3 frilled lizards
  6 goblins
  A quokka skeleton (D:7)
  4 rats (D:1)
233 creatures vanquished.

Vanquished Creatures (collateral kills)
  2 vampire mosquitoes (D:10)
  A wolf (Lair:1)
  A bullfrog (D:10)
  A killer bee (D:10)
5 creatures vanquished.

Vanquished Creatures (others)
  A wyvern (D:9)
  3 wolves (Lair:1)
  A scorpion (D:10)
  A killer bee (D:10)
6 creatures vanquished.

Grand Total: 244 creatures vanquished

Notes
Turn   | Place    | Note
-------+----------+-------------------------------------------
     0 | D:1      | H0rd4k the Human Artificer began the quest for the Orb.
     0 | D:1      | Reached XP level 1. HP: 15/15 MP: 3/3
   224 | D:1      | Reached XP level 2. HP: 21/21 MP: 4/4
   717 | D:1      | Reached XP level 3. HP: 19/26 MP: 5/5
  1126 | D:2      | Reached XP level 4. HP: 28/32 MP: 6/6
  1206 | D:2      | Reached skill level 1 in Armour
  1826 | D:3      | Reached XP level 5. HP: 37/37 MP: 7/7
  2973 | D:4      | Reached XP level 6. HP: 31/43 MP: 8/8
  3261 | D:4      | Noticed an ogre
  3386 | D:4      | Noticed Ijyb
  3411 | D:4      | Killed Ijyb
  3469 | D:4      | Reached XP level 7. HP: 42/50 MP: 10/10
  4199 | D:5      | Entered Level 5 of the Dungeon
  4330 | D:5      | Reached skill level 5 in Short Blades
  4849 | D:6      | Reached XP level 8. HP: 57/57 MP: 11/11
  5582 | D:6      | Found Sujiklorubb's General Store.
  5824 | D:7      | Noticed a hornet
  5833 | D:7      | Reached skill level 1 in Axes
  5835 | D:7      | Killed a hornet
  5835 | D:7      | Reached skill level 5 in Dodging
  5835 | D:7      | Reached XP level 9. HP: 58/64 MP: 12/12
  6456 | D:7      | Noticed Pikel
  6541 | D:7      | Noticed Dowan
  6602 | D:7      | Noticed a hippogriff
  6614 | D:7      | Killed a hippogriff
  7382 | D:8      | Reached skill level 5 in Axes
  7435 | D:7      | Reached XP level 10. HP: 34/73 MP: 13/13
  7657 | D:8      | Found a runed translucent gate.
  7657 | D:8      | Found a runed translucent gate.
  7658 | D:8      | Noticed FishyPogo's ghost (novice MfVM)
  7673 | D:8      | Reached skill level 5 in Stealth
  7677 | D:8      | Found a runed translucent gate.
  8891 | D:9      | Noticed Prince Ribbit
  8914 | D:9      | Reached skill level 5 in Fighting
  9038 | D:7      | Killed Pikel
  9217 | D:7      | Killed Dowan
  9443 | D:5      | Found a shattered altar of Ashenzari.
  9573 | D:5      | Found a shadowy altar of Dithmenos.
  9738 | D:5      | Found a staircase to the Ecumenical Temple.
  9993 | D:5      | Reached XP level 11. HP: 64/80 MP: 14/14
 10089 | Temple   | Entered the Ecumenical Temple
 10098 | Temple   | Became a worshipper of Gozag Ym Sagoz the Greedy
 10502 | D:9      | Noticed Gastronok
 10534 | D:9      | Killed Prince Ribbit
 11234 | D:10     | Entered Level 10 of the Dungeon
 11335 | D:10     | Found an ornate altar of the Wu Jian Council.
 11832 | D:9      | Reached skill level 5 in Evocations
 11979 | D:9      | Found a staircase to the Lair.
 12127 | Lair:1   | Entered Level 1 of the Lair of Beasts
 12128 | Lair:1   | Noticed Grum
 12143 | Lair:1   | HP: 1/81 [Grum/+1 spear (15)]
 12187 | Lair:1   | Slain by a bullfrog

Skill      XL: |  1  2  3  4  5  6  7  8  9 10 11 |
---------------+----------------------------------+-----
Short Blades   | 2 3 4 5 6 |  6.5
Armour         | 1 2 |  2.1
Stealth        | 2 3 4 6 7 |  7.0
Evocations     | 4 5 |  5.0
Fighting       | 2 3 4 5 6 |  6.1
Dodging        | 3 5 6 7 8 |  8.1
Axes           | 2 5 7 8 |  8.9

Action                   |  1- 3 |  4- 6 |  7- 9 | 10-12 || total
-------------------------+-------+-------+-------+-------++-------
Melee: Short sword       |    76 |   242 |   284 |       ||   602
       Hand axe          |       |       |   257 |   564 ||   821
Evoke: Wand              |     7 |    21 |    22 |    22 ||    72
  Use: Scroll            |       |     7 |       |    17 ||    24
       Potion            |       |       |       |     6 ||     6
 Stab: Sleeping          |       |     4 |     2 |     6 ||    12
       Distracted        |       |     1 |     1 |     3 ||     5
       Paralysed         |       |       |    11 |    14 ||    25
       Confused          |       |       |       |     3 ||     3
  Eat: Chunk             |       |     8 |    13 |     9 ||    30
       Ration            |       |       |       |     2 ||     2
Armor: Leather armour    |    21 |    26 |       |       ||    47
       Robe              |       |    42 |   171 |   186 ||   399
Dodge: Dodged            |    55 |   144 |   329 |   429 ||   957
